 Dungeon Crawl Stone Soup version 0.20.1-1-g8b1a95d (webtiles) character file.

5587 VajrapaniSR the Grappler (level 10, -2/96 HPs)
             Began as a Troll Fighter on July 5, 2017.
             Was a Priest of Cheibriados.
             Slain by a yak (11 damage)
             ... on level 10 of the Dungeon on July 6, 2017.
             The game lasted 00:20:07 (2782 turns).

VajrapaniSR the Grappler (Troll Fighter)            Turns: 2782, Time: 00:20:08

Health: -2/96      AC:  5    Str: 34    XL:     10   Next: 45%
Magic:  10/10      EV: 11    Int: 12    God:    Cheibriados [***...]
Gold:   256        SH: 10    Dex: 20    Spells: 7/9 levels left

rFire    . . .     SeeInvis .     - Unarmed
rCold    + . .     Gourm    +   b - +0 shield
rNeg     . . .     Faith    .   a - +0 robe
rPois    .         Spirit   .   (helmet restricted)
rElec    .         Reflect  .   (no cloak)
rCorr    .         Harm     .   (gloves unavailable)
MR       .....                  (boots unavailable)
Stlth    ++........             (no amulet)
Regen    0.7/turn               c - ring of protection from cold
MPRegen  0.2/turn               r - ring of wizardry

@: very slow
A: unfitting armour, claws 3, fast metabolism 3, gourmand, regeneration 1,
shaggy fur 1, tough skin 2
a: Bend Time, Temporal Distortion, Renounce Religion


You were on level 10 of the Dungeon.
You worshipped Cheibriados.
Cheibriados was most pleased with you.
You were not hungry.

You visited 2 branches of the dungeon, and saw 12 of its levels.

You collected 256 gold pieces.

Inventory:

Missiles
 l - 4 poisoned tomahawks (quivered)
Armour
 a - a +0 robe (worn)
 b - a +0 shield (worn)
Jewellery
 c - a ring of protection from cold (left claw)
 f - an uncursed ring of fire
 r - a ring of wizardry (right claw)
Wands
 m - a wand of iceblast (0/15)
Scrolls
 e - 5 scrolls of remove curse
 j - 2 scrolls of enchant armour
 n - 2 scrolls of fog
Potions
 g - a potion of cancellation
 i - a potion of brilliance {unknown}
 k - 2 potions of magic
 q - a potion of degeneration {unknown}
 s - a potion of resistance {unknown}
 t - 2 potions of haste
 v - a potion of berserk rage {unknown}
 w - 2 potions of curing
Books
 p - a book of Air

   Spells                             Type                      Level
   a - Shock                          Conjuration/Air              1
   b - Swiftness                      Charms/Air                   2
   c - Static Discharge               Conjuration/Air              3
   d - Airstrike                      Air                          4
   e - Lightning Bolt                 Conjuration/Air              5
 u - a book of Callings

   Spells                             Type                      Level
   a - Summon Small Mammal            Summoning                    1
   b - Call Imp                       Summoning                    2
   c - Call Canine Familiar           Summoning                    3
   d - Summon Guardian Golem          Hexes/Summoning              3
   e - Summon Lightning Spire         Summoning/Air                4
   f - Summon Ice Beast               Ice/Summoning                4
 x - a book of Minor Magic

   Spells                             Type                      Level
   a - Magic Dart                     Conjuration                  1
   b - Blink                          Translocation                2
   c - Call Imp                       Summoning                    2
   d - Slow                           Hexes                        2
   e - Conjure Flame                  Conjuration/Fire             3
   f - Mephitic Cloud                 Conjuration/Poison/Air       3
Comestibles
 d - 7 bread rations
 h - 2 meat rations
 z - a royal jelly


   Skills:
 + Level 5.2 Fighting
 + Level 5.1 Dodging
 - Level 2.4 Shields
 + Level 13.1 Unarmed Combat
 + Level 2.0 Invocations


You had 7 spell levels left.
You knew the following spells:

 Your Spells              Type           Power        Failure   Level  Hunger
a - Blink                 Tloc           N/A          58%         2    ###....


Dungeon Overview and Level Annotations

Branches:
Dungeon (11/15)            Temple (1/1) D:7
   Lair: D:8-11         Orc: D:9-12

Altars:
Ashenzari
Cheibriados
Fedhas
Hepliaklqana
Kikubaaqudgha
Nemelex Xobeh
Sif Muna
Trog
Uskayaw
Xom
Zin
The Shining One

Annotations:
D:6 Eustachio


Innate Abilities, Weirdness & Mutations

You are too large for most types of armour.
You have claws for hands.
Your metabolism is lightning-fast.
You like to eat raw meat.
Your natural rate of healing is unusually fast.
You are covered in fur. (AC +1)
You have very tough skin. (AC +2)


Message History

* * * LOW HITPOINT WARNING * * *
You take 5 damage, and have 15/96 hp.
You claw the porcupine! The porcupine closely misses you.
MP restored: 10 You are struck by the porcupine's spines.
* * * LOW HITPOINT WARNING * * *
You mangle the porcupine!!
You kill the porcupine!
Cheibriados appreciates the change of pace.
Cheibriados raises the support of your attributes as your movement slows.
Your Invocations skill increases to level 2!
You take 12 damage, and have 3/96 hp.
You feel better. The yak gores you.
* * * LOW HITPOINT WARNING * * *
You regained 5 hp, and now have 8/96 hp.
Unknown command.
You scratch the yak but do no damage. The yak gores you but does no damage.
You barely miss the yak. The yak closely misses you.
You mangle the yak!! The yak gores you!
You die...

....#.# .####..#####
#..#.###.#...... ..# .
#....... #.##..# #.# ..
#.....# #.###.###.#
##.##.#.#.###.......#.#
.....................>#
#####.#.#..####...#.#..
#.....#..# #.###.#.#
#.##@##..# #.. #.#.. ..
#Y##..# ###.#.### .P
#..#..# .... . .......
#.. ..P.#..# ##.
.......... PP...P......
.♣P....P. ###
.P...P...P.


You could see a yak.

Vanquished Creatures
  The ghost of Frqise the Cleaver, a novice HOFi of Ru (D:9)
  Joseph (D:8)
  Grinder (D:6)
  4 yaks (D:10)
  A basilisk (D:10)
  2 black bears
  4 orc warriors
  3 porcupines (D:10)
  A phantom (D:10)
  4 sky beasts
  3 ice beasts
  An ogre (D:5)
  2 necrophages (D:9)
  2 crocodiles (D:10)
  A big kobold (D:9)
  3 bullfrogs
  A scorpion (D:9)
  6 wights (D:9)
  3 killer bees (D:8)
  A bullfrog zombie (D:9)
  A centaur zombie (D:9)
  A jelly (D:6)
  4 orc priests
  2 hounds
  A centaur skeleton (D:6)
  11 orc wizards
  3 bullfrog skeletons
  Ijyb (D:3)
  5 worker ants
  A hound zombie (D:9)
  2 mummies (D:9)
  A worker ant zombie (D:9)
  2 howler monkey zombies
  4 adders
  An ooze (D:5)
  A worm (D:4)
  3 leopard geckos
  36 orcs
  4 giant cockroaches
  3 goblins
  7 hobgoblins
  4 jackals (D:1)
  7 kobolds (D:9)
  A ball python skeleton (D:4)
  2 bats
  10 frilled lizards
  A leopard gecko skeleton (D:3)
  2 leopard gecko zombies
  A quokka skeleton (D:9)
  3 rats (D:1)
170 creatures vanquished.

Notes
Turn   | Place    | Note
-------+----------+-------------------------------------------
     0 | D:1      | VajrapaniSR the Troll Fighter began the quest for the Orb.
     0 | D:1      | Reached XP level 1. HP: 22/22 MP: 0/0
   138 | D:1      | Reached XP level 2. HP: 29/29 MP: 1/1
   201 | D:1      | Reached skill level 3 in Unarmed Combat
   335 | D:2      | Reached XP level 3. HP: 32/36 MP: 2/2
   368 | D:3      | Reached skill level 4 in Unarmed Combat
   368 | D:3      | Reached XP level 4. HP: 42/44 MP: 3/3
   450 | D:3      | Noticed Ijyb
   461 | D:3      | Killed Ijyb
   484 | D:3      | Found a hazy altar of Hepliaklqana.
   565 | D:3      | Reached skill level 5 in Unarmed Combat
   686 | D:4      | Found a bloodstained altar of Trog.
   691 | D:4      | Reached XP level 5. HP: 47/50 MP: 4/4
   711 | D:5      | Entered Level 5 of the Dungeon
   712 | D:5      | Noticed a sky beast
   730 | D:5      | Killed a sky beast
   730 | D:5      | Reached skill level 6 in Unarmed Combat
   730 | D:5      | Reached XP level 6. HP: 54/59 MP: 5/5
   785 | D:5      | Reached skill level 7 in Unarmed Combat
   838 | D:5      | Noticed a sky beast
   845 | D:5      | Killed a sky beast
   845 | D:5      | Reached XP level 7. HP: 52/66 MP: 6/6
  1068 | D:6      | Noticed Grinder
  1070 | D:6      | Paralysed by Grinder for 4 turns
  1079 | D:6      | Killed Grinder
  1079 | D:6      | Reached skill level 8 in Unarmed Combat
  1083 | D:6      | Reached skill level 9 in Unarmed Combat
  1184 | D:8      | Reached XP level 8. HP: 28/74 MP: 7/7
  1186 | D:8      | Noticed Joseph
  1265 | D:8      | Found a blossoming altar of Fedhas.
  1269 | D:8      | Learned a level 2 spell: Blink
  1269 | D:8      | Found a deep blue altar of Sif Muna.
  1316 | D:8      | Reached skill level 10 in Unarmed Combat
  1332 | D:8      | VajrapaniSR: ??temple
  1332 | D:8      | beem: ecumenical temple[1/6]: Accessed from the main dungeon somewhere between levels 4 and 7. Is notable mainly for a complete lack of monster spawning as well as potentially containing an altar to almost every deity in the game.
  1452 | D:8      | Killed Joseph
  1452 | D:8      | Reached skill level 11 in Unarmed Combat
  1466 | D:8      | Found an ancient bone altar of Kikubaaqudgha.
  1492 | D:7      | Found a staircase to the Ecumenical Temple.
  1501 | Temple   | Entered the Ecumenical Temple
  1529 | Temple   | Became a worshipper of Cheibriados the Contemplative
  1683 | D:6      | Reached XP level 9. HP: 80/80 MP: 8/8
  1724 | D:6      | Found a hazy altar of Hepliaklqana.
  1737 | D:6      | Noticed Eustachio
  1737 | D:6      | Reached * piety under Cheibriados
  1769 | D:6      | Reached skill level 12 in Unarmed Combat
  1969 | D:9      | Noticed Frqise's ghost (novice HOFi)
  2092 | D:9      | VajrapaniSR: !apt tr
  2092 | D:9      | beem: Tr: Fighting: -2*, Short: -2, Long: -2, Axes: -2, Maces: -1, Polearms: -2, Staves: -2, Slings: -4*, Bows: -4*, Xbows: -4*, Throw: -1, Armour: -2, Dodge: -2, Stealth: -5*, Shields: -2, UC: 0, Splcast: -5*, Conj: -3*, Hexes: -4*, Charms: -4*, Summ: -3*, Nec: -2, Tloc: -3*, Tmut: -3, Fire: -3*, Ice: -3*, Air: -4*, Earth: -1, Poison: -3*, Inv: -1*, Evo: -3*, Exp: -1, HP: 3!, MP: -1*
  2124 | D:9      | Reached ** piety under Cheibriados
  2314 | D:9      | Killed Frqise's ghost
  2481 | D:9      | Reached XP level 10. HP: 76/94 MP: 9/9
  2537 | D:9      | Reached *** piety under Cheibriados
  2597 | D:10     | Entered Level 10 of the Dungeon
  2756 | D:10     | Reached skill level 13 in Unarmed Combat
  2758 | D:10     | Reached skill level 5 in Fighting
  2758 | D:10     | Reached skill level 1 in Invocations
  2764 | D:10     | HP: 1/96 [yak (13)]
  2766 | D:10     | Reached skill level 5 in Dodging
  2778 | D:10     | HP: 2/96 [porcupine's spines (13)]
  2782 | D:10     | Slain by a yak

Skill      XL: |  1  2  3  4  5  6  7  8  9 10 |
---------------+-------------------------------+-----
Unarmed Combat | 3 4 5 6 7 9 11 12 13 | 13.1
Fighting       | 4 5 |  5.2
Dodging        | 4 5 |  5.1
Invocations    | 2 |  2.0
Shields        | |  2.4

Action                   |  1- 3 |  4- 6 |  7- 9 | 10-12 || total
-------------------------+-------+-------+-------+-------++-------
Melee: Unarmed           |    88 |    89 |   239 |    83 ||   499
Invok: Bend Time         |       |       |     2 |       ||     2
Evoke: Wand              |       |       |     6 |       ||     6
  Use: Scroll            |       |     6 |     8 |     2 ||    16
       Potion            |       |       |     5 |     2 ||     7
 Stab: Sleeping          |     1 |       |       |       ||     1
  Eat: Chunk             |     1 |     7 |     5 |     3 ||    16
       Fruit             |       |       |     3 |       ||     3
       Royal jelly       |       |       |     1 |     1 ||     2
Armor: Robe              |    22 |    28 |    44 |     7 ||   101
       Skin              |       |       |    15 |       ||    15
Dodge: Dodged            |    34 |    19 |    47 |    28 ||   128
Block: Shield            |    34 |    29 |    92 |    20 ||   175
